[Event "Team 45 45 League T62"]
[Site "Internet Chess Club"]
[Date "2014.09.14"]
[Round "3"]
[White "g8wrb"]
[Black "Zyme"]
[Result "1-0"]
[WhiteElo "1305"]
[BlackElo "1343"]
[Opening "French: Tarrasch, Eliskases variation"]
[ECO "C07"]
[Time "08:00:19"]
[TimeControl "2700+45"]

1. e4 e6 2. d4 d5 3. Nd2 c5 4. exd5 Qxd5 5. Ngf3 cxd4 6. Bc4 Qd8 7. Nb3 Nc6 8.
Nfxd4 Bd7 9. O-O Nf6 10. Re1 Be7 11. Bf4 O-O 12. Qf3 Rc8 13. Bd3 Nd5 14. Bd2 Qb6
15. Qh3 Nf6 16. Be3 Qc7 17. Rad1 e5 18. Nf5 Bd8 19. Bg5 Nb4 20. Bxf6 Nxd3 21.
Bxd8 Rfxd8 22. Qxd3 Qxc2 23. Ne7+ Kf8 24. Nxc8 Rxc8 25. Qxd7 {Black resigns} 1-0

[Event "Team 45 45 League T62"]
[Site "Internet Chess Club"]
[Date "2014.09.11"]
[Round "3"]
[White "chuckh2"]
[Black "SeniorCitizen"]
[Result "0-1"]
[WhiteElo "1453"]
[BlackElo "1331"]
[Opening "Queen's bishop game"]
[ECO "D02"]
[Time "12:00:29"]
[TimeControl "2700+45"]

1. d4 d5 2. Nf3 Nf6 3. Bf4 Bf5 4. Nbd2 e6 5. h3 Bd6 6. Be5 Bxe5 7. Nxe5 Nbd7 8.
g4 Bg6 9. Nxg6 hxg6 10. Nf3 Nxg4 11. Bg2 Ngf6 12. Ne5 Nxe5 13. dxe5 Nd7 14. Qd4
Qg5 15. Bf3 Qxe5 16. Qb4 Nb6 17. Rd1 Qd6 18. Qd4 f6 19. Qg4 Rh6 20. h4 Qe5 21.
h5 g5 22. Qb4 Qd6 23. Qxd6 cxd6 24. b3 Ke7 25. e4 Rc8 26. Rd2 Rc7 27. Kd1 dxe4
28. Bxe4 d5 29. Bf3 f5 30. Be2 Kf6 31. a4 g6 32. a5 Nd7 33. b4 gxh5 34. Rxh5
Rxh5 35. Bxh5 Ne5 36. Be2 Nc4 37. Rd4 Ke5 38. c3 Nd6 39. Kc2 Ne4 40. f3 Nxc3 41.
Kd3 Nxe2 42. Kxe2 Kxd4 {White resigns} 0-1

[Event "Team 45 45 League T62"]
[Site "Internet Chess Club"]
[Date "2014.09.14"]
[Round "3"]
[White "pmxpp"]
[Black "artspir"]
[Result "1-0"]
[WhiteElo "1317"]
[BlackElo "1194"]
[Opening "QGD Slav: 3.Nf3"]
[ECO "D11"]
[Time "14:07:50"]
[TimeControl "2700+45"]

1. d4 d5 2. c4 c6 3. Nf3 Bf5 4. Nc3 Nf6 5. e3 e6 6. Be2 Bd6 7. Nh4 Bg6 8. Nxg6
hxg6 9. g3 Nbd7 10. Qc2 Qe7 11. e4 dxe4 12. Nxe4 Nxe4 13. Qxe4 Bb4+ 14. Bd2
Bxd2+ 15. Kxd2 Qb4+ 16. Kc2 O-O-O 17. Qe3 Qe7 18. Rad1 Nb6 19. Kb1 Rd7 20. Rd2
Qf6 21. b3 Rhd8 22. Rhd1 a5 23. Qf3 Qf5+ 24. Qxf5 gxf5 25. Kc2 a4 26. f4 f6 27.
h4 Rc7 28. Bf3 e5 29. dxe5 Rxd2+ 30. Rxd2 Nd7 31. e6 Nc5 32. Re2 Re7 33. Kc3
Nxe6 34. bxa4 Rd7 35. Rxe6 c5 36. Bd5 Kc7 37. h5 Rd6 38. Rxd6 Kxd6 39. Kd3 b6
40. Ke3 Ke7 41. Kf3 Kf8 42. Be6 Ke7 43. Bxf5 Kd6 44. g4 Kc7 45. g5 fxg5 46. fxg5
Kb7 47. g6 Ka6 48. a3 Ka5 49. Bc2 Ka6 50. h6 gxh6 51. g7 {Black resigns} 1-0

[Event "Team 45 45 League T62"]
[Site "Internet Chess Club"]
[Date "2014.09.12"]
[Round "3"]
[White "clarinetref"]
[Black "gz99754539"]
[Result "1-0"]
[WhiteElo "1609"]
[BlackElo "1474"]
[Opening "Ruy Lopez: 5.O-O"]
[ECO "C78"]
[Time "22:04:06"]
[TimeControl "2700+45"]

1. e4 e5 2. Nf3 Nc6 3. Bb5 a6 4. Ba4 Nf6 5. O-O b5 6. Bb3 Bc5 7. d3 d6 8. Bg5
O-O 9. a4 Rb8 10. axb5 axb5 11. Nc3 Nb4 12. Ne2 Bg4 13. Ng3 Nc6 14. c3 b4 15.
Ba4 Rb6 16. h3 Bd7 17. Nd2 bxc3 18. Nc4 Ra6 19. bxc3 h6 20. Be3 Bxe3 21. Nxe3
Be6 22. Qe2 Ne7 23. d4 exd4 24. Qxa6 dxc3 25. Bc2 Ng6 26. Qc6 Nf4 27. Qxc3 h5
28. Qd2 h4 29. Ngf5 c5 30. Nxh4 c4 31. Nef5 c3 32. Qxf4 Bc4 33. Rfd1 Be2 34.
Rxd6 Qc7 35. Qg3 g6 36. Nxg6 fxg6 37. Qxg6+ Kh8 38. Rxf6 Rg8 39. Qh5+ Bxh5 40.
Rh6+ Qh7 41. Rxh7+ Kxh7 42. e5 Bf3 43. Ne7+ Kh8 44. Nxg8 Kxg8 45. gxf3 Kf8 46.
Ra3 Ke7 47. Rxc3 Ke6 48. f4 Ke7 49. h4 Kf7 50. Rg3 Ke6 51. h5 Kd5 52. h6 Kc4 53.
h7 Kd4 54. h8=Q Kc4 55. Qc8+ Kd4 56. Rd3+ Ke4 57. Re3+ Kd4 58. Re4+ Kd5 59. Qd7+
Kc5 60. Qd6+ Kb5 61. Rb4+ Ka5 62. Qb6# {Black checkmated} 1-0

[Event "Team 45 45 League T62"]
[Site "Internet Chess Club"]
[Date "2014.09.13"]
[Round "3"]
[White "Timlisa9"]
[Black "PostMike"]
[Result "1-0"]
[WhiteElo "1426"]
[BlackElo "1454"]
[Opening "Sicilian: Najdorf, Opocensky variation"]
[ECO "B92"]
[Time "12:00:26"]
[TimeControl "2700+45"]

1. e4 c5 2. Nf3 d6 3. d4 cxd4 4. Nxd4 Nf6 5. Nc3 a6 6. Be2 g6 7. O-O Bg7 8. Be3
O-O 9. f3 b5 10. a3 Bb7 11. Qd2 Re8 12. Rfe1 Nbd7 13. Rad1 Rc8 14. Bd3 Ne5 15.
h3 Nfd7 16. f4 Nc4 17. Bxc4 Rxc4 18. f5 Nf6 19. Qd3 Nd7 20. Qd2 Qc8 21. Rf1 Nc5
22. fxg6 fxg6 23. Rf4 Ne6 24. Nxe6 Qxe6 25. Qd3 Rec8 26. Bd2 Rd4 27. Qe2 Rcc4
28. Re1 Bh6 29. Be3 Bxf4 30. Bxd4 Rxd4 31. Qf3 Be5 32. Rf1 Qf6 33. Qg4 Qg7 34.
Qe6+ Kh8 35. Qd7 Bxe4 36. Qe8+ Qg8 37. Rf8 Rd1+ 38. Nxd1 Bd4+ 39. Kf1 Bd5 40.
Rxg8+ Bxg8 41. Qxe7 Be5 {Black resigns} 1-0

[Event "Team 45 45 League T62"]
[Site "Internet Chess Club"]
[Date "2014.09.14"]
[Round "3"]
[White "Aquaman"]
[Black "browndeer"]
[Result "0-1"]
[WhiteElo "1363"]
[BlackElo "1543"]
[Opening "Sicilian defense"]
[ECO "B30"]
[Time "15:00:41"]
[TimeControl "2700+45"]

1. e4 c5 2. Nf3 Nc6 3. g3 g6 4. Bg2 Bg7 5. d3 d6 6. O-O Nf6 7. Nbd2 O-O 8. Re1
Re8 9. Nf1 Bg4 10. Ne3 Bd7 11. c3 Qc7 12. h4 a6 13. Nf1 Ng4 14. N1h2 Nxh2 15.
Kxh2 Bg4 16. Qc2 Bxf3 17. Bxf3 Ne5 18. Bg2 Qd7 19. Kg1 Qb5 20. c4 Qd7 21. Rb1
Rab8 22. b3 b5 23. Bf4 Nc6 24. Be3 Nb4 25. Qd2 Nc6 26. Red1 Nd4 27. Bh6 b4 28.
Bxg7 Kxg7 29. Re1 e5 30. Re3 Qg4 31. Qd1 Qxd1+ 32. Rxd1 a5 33. Bh3 Red8 34. Bg4
h5 35. Bh3 Ra8 36. g4 hxg4 37. Bxg4 a4 38. h5 axb3 39. axb3 Nxb3 40. hxg6 fxg6
41. Rg3 Nd4 42. Bh5 Kh6 43. Bf3 b3 44. Rh3+ Kg7 45. Rb1 Ra2 46. Kg2 Rb8 47. Rhh1
b2 48. Bg4 Nc2 49. Bd7 Na3 50. Rbd1 b1=Q 51. Bb5 Qc2 52. Rhf1 Nxb5 53. cxb5 Rxb5
54. Kg1 Qe2 {White resigns} 0-1

[Event "Team 45 45 League T62"]
[Site "Internet Chess Club"]
[Date "2014.09.12"]
[Round "3"]
[White "almond123"]
[Black "medsurg"]
[Result "1-0"]
[WhiteElo "1443"]
[BlackElo "1367"]
[Opening "Ruy Lopez: Steinitz defense deferred (Russian defense)"]
[ECO "C79"]
[Time "20:01:37"]
[TimeControl "2700+45"]

1. e4 e5 2. Nf3 Nc6 3. Bb5 a6 4. Ba4 Nf6 5. O-O d6 6. d4 b5 7. Bb3 Nxe4 8. Bd5
Bb7 9. Bxe4 d5 10. Bf5 g6 11. Bh3 e4 12. Nfd2 Nxd4 13. c3 Nf5 14. Bxf5 gxf5 15.
Nb3 Qh4 16. Na5 Bd6 17. g3 Rg8 18. Qd2 f4 19. Nxb7 fxg3 20. Nxd6+ cxd6 21. fxg3
Kd7 22. Rxf7+ Kc6 23. Rf5 Rxg3+ 24. hxg3 Qxg3+ 25. Qg2 Qe1+ 26. Rf1 Qh4 27. Be3
{Black resigns} 1-0

[Event "Team 45 45 League T62"]
[Site "Internet Chess Club"]
[Date "2014.09.13"]
[Round "3"]
[White "Greedy-Reedy"]
[Black "otherook"]
[Result "1-0"]
[WhiteElo "1981"]
[BlackElo "1735"]
[Opening "French: Fort Knox variation"]
[ECO "C10"]
[Time "10:02:23"]
[TimeControl "2700+45"]

1. e4 e6 2. d4 d5 3. Nc3 dxe4 4. Nxe4 Bd7 5. Nf3 Bc6 6. Bd3 Nd7 7. Qe2 Ngf6 8.
Neg5 Bd6 9. Nxf7 Kxf7 10. Ng5+ Ke8 11. Nxe6 Qe7 12. O-O Bd5 13. Nxg7+ Kf7 14.
Qxe7+ Bxe7 15. Nf5 Be4 16. Bxe4 Nxe4 17. Nxe7 Kxe7 18. Re1 Kd6 19. Rxe4 Rae8 20.
f3 Kd5 21. Rxe8 Rxe8 22. Kf2 Kxd4 23. Bf4 Ne5 24. Rd1+ Kc5 25. Re1 Kd6 26. Rxe5
Rxe5 27. Bxe5+ Kxe5 28. Ke3 Kf5 29. h3 Kg5 30. g3 Kf5 31. f4 h5 32. Kf3 c6 33.
g4+ hxg4+ 34. hxg4+ {Black resigns} 1-0

[Event "Team 45 45 League T62"]
[Site "Internet Chess Club"]
[Date "2014.09.12"]
[Round "3"]
[White "caglar"]
[Black "rubo"]
[Result "1-0"]
[WhiteElo "1604"]
[BlackElo "1705"]
[Opening "Caro-Kann: exchange, Rubinstein variation"]
[ECO "B13"]
[Time "15:00:15"]
[TimeControl "2700+45"]

1. e4 c6 2. d4 d5 3. exd5 cxd5 4. Bd3 Nc6 5. c3 Nf6 6. Bf4 e6 7. Nf3 Be7 8. O-O
O-O 9. Re1 Re8 10. Nbd2 Bd7 11. Ne5 g6 12. Ndf3 Nh5 13. Bh6 Ng7 14. Qd2 Nxe5 15.
Nxe5 Nf5 16. Bxf5 exf5 17. Re3 Be6 18. Rae1 Bg5 19. Bxg5 Qxg5 20. Nf3 Qf6 21.
Re5 Re7 22. c4 Rd7 23. c5 a6 24. a4 Kg7 25. b4 h6 26. b5 axb5 27. axb5 Rc7 28.
Qc3 Qd8 29. Rxe6 fxe6 30. Rxe6 Qd7 31. Rxg6+ Kh7 32. Qc1 f4 33. Ne5 Qxb5 34. h4
Rf8 35. Qc2 Kh8 36. Rxh6+ Kg8 37. Qg6+ Rg7 38. Qe6+ Rff7 39. Nxf7 Rxf7 40. Rg6+
Kf8 41. Qc8+ Qe8 42. Rg8+ Kxg8 43. Qxe8+ Kg7 44. Qe5+ Kf8 45. Qxd5 Kg7 46. c6
bxc6 47. Qxc6 Rf6 48. d5 Kf7 49. Qxf6+ Kxf6 50. h5 Kg5 51. d6 Kf6 52. h6 {Black
resigns} 1-0

[Event "Team 45 45 League T62"]
[Site "Internet Chess Club"]
[Date "2014.09.13"]
[Round "3"]
[White "Mitochondria"]
[Black "kingphisch"]
[Result "1/2-1/2"]
[WhiteElo "1527"]
[BlackElo "1500"]
[Opening "QGD: Albin counter-gambit"]
[ECO "D08"]
[Time "14:02:14"]
[TimeControl "2700+45"]

1. d4 d5 2. c4 e5 3. cxd5 Qxd5 4. Nc3 Bb4 5. a3 Bxc3+ 6. bxc3 exd4 7. Qxd4 Qxd4
8. cxd4 Nf6 9. e3 O-O 10. Nf3 Nc6 11. Bd3 Re8 12. O-O Be6 13. Bb2 Rad8 14. Rac1
Nd5 15. Ng5 Nf6 16. Nxe6 Rxe6 17. Rfd1 Red6 18. Bb5 a6 19. Bd3 Re8 20. Rc2 Nd5
21. Rdc1 Nde7 22. h3 Rc8 23. Be2 Rd7 24. Bg4 f5 25. Be2 Nd8 26. a4 Kh8 27. Ba3
Nd5 28. Bf3 Nc6 29. Rc5 Rcd8 30. Rb1 Nb6 31. Bxc6 bxc6 32. Rxc6 Nxa4 33. Rxa6
Nc3 34. Rb7 Nd5 35. Bc5 Kg8 36. Raa7 Kf7 37. Kf1 Rc8 38. Ke2 Ke8 39. Kd3 g6 40.
g3 Kf7 41. Ra1 Ne7 42. Rab1 Nc6 43. Ke2 Ke6 44. Ra1 Rdd8 45. Rb3 Kd7 46. Rb7 Rb8
47. Rab1 Ra8 48. h4 Rdc8 49. Kf3 Re8 50. h5 Rac8 51. hxg6 hxg6 52. Rh1 Ne7 53.
Rh7 Kc6 54. Ra7 Nd5 55. Rg7 Rg8 56. Ra6+ Nb6 57. Rxg8 Rxg8 58. Ra1 Kd5 59. Rb1
Kc6 60. Rc1 Kd5 61. Rh1 Nc4 62. Rh7 Kc6 63. Rf7 Nd2+ 64. Kg2 Ne4 65. f3 Nd6 66.
Bxd6 cxd6 67. Ra7 Kd5 68. Ra4 Re8 69. Kf2 Rh8 70. Kg2 Rb8 71. Ra2 Rb4 72. Kh3
Rb6 73. Kg2 Ke6 74. e4 fxe4 75. fxe4 Kf6 76. Kf3 Rb3+ 77. Kf4 g5+ 78. Kg4 Re3
79. e5+ dxe5 80. dxe5+ Ke6 81. Ra6+ Kxe5 82. Ra5+ Kf6 83. Ra6+ Kg7 84. Ra7+ Kf6
85. Ra6+ {Game drawn by mutual agreement} 1/2-1/2

[Event "Team 45 45 League T62"]
[Site "Internet Chess Club"]
[Date "2014.09.12"]
[Round "3"]
[White "Danny-ONeil"]
[Black "pmxpp"]
[Result "0-1"]
[WhiteElo "1313"]
[BlackElo "1305"]
[Opening "QGD semi-Slav: 7.Bc4"]
[ECO "D47"]
[Time "14:33:26"]
[TimeControl "2700+45"]

1. d4 d5 2. c4 c6 3. Nf3 Nf6 4. e3 e6 5. Nc3 Nbd7 6. Bd3 dxc4 7. Bxc4 Be7 8. O-O
O-O 9. e4 Nb6 10. Bd3 c5 11. dxc5 Bxc5 12. e5 Nfd5 13. Bxh7+ Kxh7 14. Ng5+ Kg6
15. Qd3+ f5 16. exf6+ Kxf6 17. Nh7+ Kf7 18. Nxf8 Qxf8 19. Ne4 Be7 20. Ng5+ Bxg5
21. Bxg5 Bd7 22. Rac1 Bc6 23. h4 Nd7 24. Qf3+ Kg8 25. Qg3 N7f6 26. Rfe1 Re8 27.
a3 a6 28. Qd3 Qf7 29. Qd4 Kf8 30. Qc5+ Kg8 31. b4 Qf8 32. Qd4 Kh8 33. Re2 Qf7
34. Bxf6 Qxf6 35. Qg4 Qf4 36. Qh5+ Qh6 37. Re5 Qxh5 38. Rxh5+ Kg8 39. Rg5 Kf7
40. h5 Rh8 41. Rc4 Rh7 42. g3 Kf8 43. f4 Nf6 44. Rd4 Ke7 45. f5 Nxh5 46. fxe6
Kxe6 47. Rg6+ Nf6 48. Rd3 Kf5 49. Rxf6+ gxf6 50. Rd2 Rd7 51. Rxd7 Bxd7 52. Kh2
Kg4 53. Kg2 Bc6+ 54. Kf2 f5 55. a4 Bxa4 56. Kg2 Bc6+ 57. Kf2 b6 58. Ke3 Kxg3 59.
Kd4 f4 {White resigns} 0-1

[Event "Team 45 45 League T62"]
[Site "Internet Chess Club"]
[Date "2014.09.13"]
[Round "3"]
[White "Egmont"]
[Black "xt"]
[Result "0-1"]
[WhiteElo "1771"]
[BlackElo "1719"]
[Opening "Queen's pawn, Mason variation"]
[ECO "D00"]
[Time "13:00:56"]
[TimeControl "2700+45"]

1. d4 d5 2. Bf4 Bf5 3. e3 e6 4. c3 Nf6 5. Nf3 Nh5 6. Bg5 Be7 7. Bxe7 Qxe7 8. Be2
Nf6 9. Nbd2 h6 10. Ne5 Bh7 11. Qb3 c6 12. O-O O-O 13. c4 Ne4 14. Nef3 Nxd2 15.
Nxd2 f5 16. c5 f4 17. Bd3 Bxd3 18. Qxd3 Qg5 19. Nf3 Qh5 20. Ne5 Qg5 21. Ng6 f3
22. g3 Nd7 23. Nxf8 Rxf8 24. Rfc1 h5 25. h4 Qg4 26. Kh2 g5 27. hxg5 Qxg5 28. Qf1
Nf6 29. Rc2 h4 30. Qh3 Ng4+ 31. Kh1 Qf5 32. Qxh4 Rf6 33. Kg1 Rh6 34. Qd8+ Kf7
35. Qc7+ Kg6 36. Qd8 Qxc2 37. Qg8+ Kf5 38. Qf8+ Kg5 39. Qf4+ Kh5 40. Qxf3 Qf5
41. Qe2 Kg6 42. f3 Qh5 43. fxg4 Qh1+ {White resigns} 0-1

[Event "Team 45 45 League T62"]
[Site "Internet Chess Club"]
[Date "2014.09.15"]
[Round "3"]
[White "SugarIslander"]
[Black "AVEMARIA"]
[Result "1/2-1/2"]
[WhiteElo "1630"]
[BlackElo "1649"]
[Opening "QGD Slav: 4.e3 Bf5"]
[ECO "D12"]
[Time "17:01:37"]
[TimeControl "2700+45"]

1. d4 d5 2. c4 c6 3. Nf3 Nf6 4. e3 Bf5 5. Nc3 dxc4 6. Bxc4 e6 7. Qb3 Qb6 8. O-O
Nbd7 9. Nh4 Qxb3 10. Bxb3 Bg6 11. Nxg6 hxg6 12. Rd1 Bb4 13. a3 Ba5 14. Bc2 O-O
15. b4 Bc7 16. Ne4 Nxe4 17. Bxe4 Nf6 18. Bf3 a5 19. Bd2 e5 20. bxa5 exd4 21. Bb4
Rfd8 22. Be7 Rd7 23. Bxf6 gxf6 24. exd4 Rad8 25. a6 bxa6 26. Bxc6 Rxd4 27. Rxd4
Rxd4 28. a4 {Game drawn by mutual agreement} 1/2-1/2

[Event "Team 45 45 League T62"]
[Site "Internet Chess Club"]
[Date "2014.09.11"]
[Round "3"]
[White "Kingofknights"]
[Black "oldsj"]
[Result "1-0"]
[WhiteElo "1712"]
[BlackElo "1558"]
[Opening "King's Indian: Sämisch, 5...O-O"]
[ECO "E81"]
[Time "19:30:09"]
[TimeControl "2700+45"]

1. d4 Nf6 2. c4 g6 3. Nc3 Bg7 4. e4 d6 5. f3 O-O 6. Be3 c5 7. dxc5 dxc5 8. Bxc5
Nc6 9. Nge2 Be6 10. Nf4 Bc8 11. Be2 Nd7 12. Be3 Qa5 13. Qd2 Rd8 14. Rd1 Nc5 15.
Qc1 Nd4 16. O-O Nxe2+ 17. Nfxe2 Be6 18. Nd5 Rd7 19. a3 Bxd5 20. cxd5 Nb3 21. Qc4
Bxb2 22. Qxb3 Bxa3 23. Ra1 {Black resigns} 1-0

[Event "Team 45 45 League T62"]
[Site "Internet Chess Club"]
[Date "2014.09.15"]
[Round "3"]
[White "craftsman49868"]
[Black "whiskeytown"]
[Result "1-0"]
[WhiteElo "1594"]
[BlackElo "1559"]
[Opening "Pirc: classical, h3 system"]
[ECO "B08"]
[Time "12:01:42"]
[TimeControl "2700+45"]

1. e4 d6 2. d4 Nf6 3. Nc3 g6 4. Nf3 Bg7 5. h3 O-O 6. Be3 Nbd7 7. a4 Nb6 8. Be2
e5 9. d5 c6 10. a5 Nbd7 11. dxc6 bxc6 12. Qxd6 Nb8 13. Qxd8 Rxd8 14. O-O Ba6 15.
Bxa6 Nxa6 16. Nxe5 Nxe4 17. Nxc6 Bxc3 18. bxc3 Rdc8 19. Ne7+ Kg7 20. Nxc8 {Black
resigns} 1-0

[Event "Team 45 45 League T62"]
[Site "Internet Chess Club"]
[Date "2014.09.13"]
[Round "3"]
[White "room-matt"]
[Black "lionking819"]
[Result "1/2-1/2"]
[WhiteElo "1881"]
[BlackElo "1776"]
[Opening "Sicilian: Grand Prix attack"]
[ECO "B21"]
[Time "14:07:06"]
[TimeControl "2700+45"]

1. e4 c5 2. f4 d5 3. exd5 Nf6 4. b3 Nxd5 5. Qf3 Nc6 6. Bb5 Nb4 7. Na3 a6 8.
Bxc6+ Nxc6 9. Ne2 e6 10. Bb2 Nd4 11. Nxd4 cxd4 12. O-O-O Be7 13. Nc4 O-O 14. Qe4
Bc5 15. Ne5 f5 16. Qf3 Rb8 17. Rhe1 Bd7 18. Qf2 Bc6 19. Nxc6 bxc6 20. Rxe6 Qd7
21. Rde1 Rbd8 22. Qg3 Rde8 23. R6e5 Rxe5 24. fxe5 Re8 25. Qf4 Bb6 26. h3 c5 27.
g4 fxg4 28. Qxg4 Qxg4 29. hxg4 Kf7 30. c3 Ke6 31. c4 Kd7 32. Kc2 Bc7 33. Ba3 Kc6
34. e6 a5 35. Re2 Kd6 36. Kd3 Bb6 37. Re4 Rxe6 38. Rxd4+ Kc6 39. Re4 Kd7 40. Ke3
Rxe4+ 41. Kxe4 Ke6 42. g5 h6 43. d4 cxd4 44. c5 Bc7 45. gxh6 gxh6 46. Kxd4 h5
47. Ke3 h4 48. Kf3 h3 49. Kf2 Kd5 {Game drawn by mutual agreement} 1/2-1/2

[Event "Team 45 45 League T62"]
[Site "Internet Chess Club"]
[Date "2014.09.14"]
[Round "3"]
[White "rl154"]
[Black "rayngrant"]
[Result "0-1"]
[WhiteElo "1513"]
[BlackElo "1602"]
[Opening "Ruy Lopez: closed, 7...O-O"]
[ECO "C88"]
[Time "22:01:45"]
[TimeControl "2700+45"]

1. e4 e5 2. Nf3 Nc6 3. Bb5 a6 4. Ba4 Nf6 5. O-O Be7 6. Re1 b5 7. Bb3 O-O 8. d3
d5 9. exd5 Nxd5 10. Nxe5 Nxe5 11. Rxe5 c6 12. Qf3 Bf6 13. Re1 Rb8 14. c3 Re8 15.
Rxe8+ Qxe8 16. Bd2 Be6 17. Na3 Qd7 18. d4 a5 19. c4 bxc4 20. Bxc4 Rxb2 21. Bxa5
Bxd4 22. Bxd5 Bxd5 23. Qf4 c5 24. Rb1 Qb7 25. Rxb2 Qxb2 26. Bd2 Be5 27. Qe3 Qd4
28. f3 Qa1+ 29. Qe1 Bd4+ 30. Kf1 Qxe1+ 31. Kxe1 Bxa2 32. Nc2 Bf6 33. Be3 Be7 34.
Kd2 Kf8 35. Kc3 Ke8 36. Ne1 Bf6+ 37. Kc2 c4 38. Kc1 Kd7 39. Nc2 g6 40. Bd4 Be7
41. Ne3 Kc6 42. Kc2 Kb5 43. Nd5 Bb3+ 44. Kc3 Bd6 45. g3 Bd1 46. f4 Bf3 47. Ne3
Bb4+ 48. Kb2 Be4 49. Bc3 Bc5 50. Nc2 Ka4 51. Bd4 Kb5 52. Bc3 Bxc2 53. Kxc2 Ka4
54. Be1 Bd4 55. Bd2 f5 56. h3 h5 57. Be1 Kb5 58. Kd2 Kc5 59. Ke2 Kd5 60. Kf3 c3
61. Ke2 Kc4 62. Kd1 Kb3 63. Bxc3 Kxc3 64. Ke2 Bc5 65. Kf3 Kd3 66. g4 hxg4+ 67.
hxg4 fxg4+ 68. Kxg4 Be7 69. Kg3 Ke4 70. Kg4 Bf6 71. Kg3 Kf5 72. Kf3 Be7 73. Kg3
Bd6 74. Kf3 Bxf4 75. Kg2 g5 76. Kf1 g4 77. Ke2 Ke4 78. Kf1 Kf3 79. Kg1 Kg3 80.
Kh1 Kh3 81. Kg1 g3 82. Kh1 g2+ 83. Kg1 Be3# {White checkmated} 0-1

[Event "Team 45 45 League T62"]
[Site "Internet Chess Club"]
[Date "2014.09.13"]
[Round "3"]
[White "Two-DogMan"]
[Black "TacoCrafterHD"]
[Result "0-1"]
[WhiteElo "1529"]
[BlackElo "1424"]
[Opening "KP: Indian opening"]
[ECO "C20"]
[Time "12:01:07"]
[TimeControl "2700+45"]

1. e4 e5 2. d3 Nf6 3. c3 d5 4. exd5 Nxd5 5. Be2 Nc6 6. Nf3 Be7 7. O-O O-O 8. a3
Be6 9. h3 Kh8 10. Nh2 f6 11. Ng4 Qd7 12. Kh2 Bd6 13. Kh1 Nce7 14. c4 Nb6 15. b4
c5 16. Ne3 Rac8 17. Bf3 cxb4 18. axb4 Bxb4 19. Ba3 Bxa3 20. Nxa3 a6 21. Qb3 Qc7
22. Rab1 Nd7 23. Qxb7 Qxb7 24. Rxb7 Rb8 25. Rxb8 Rxb8 26. Rc1 Nc5 27. Be2 Rb3
28. Nb1 a5 29. Kh2 Nxd3 30. Bxd3 Rxd3 31. c5 Nc6 32. Nc3 h6 33. Nb5 Bd7 34. Nd6
Ra3 35. Nec4 Ra2 36. Nb6 a4 37. Nxd7 a3 38. f3 Rd2 39. Nb6 a2 40. Ndc4 Rc2 41.
Ra1 Nb4 42. Na4 Rxc4 43. Nb6 Rxc5 44. Na4 Rc2 45. Kg3 Rd2 46. h4 Rd3 47. Kf2 Ra3
48. Nb2 Nc2 49. Nc4 Ra6 50. Rxa2 Rxa2 51. Kg3 Nd4 52. Ne3 Re2 53. Nd5 Nf5+ 54.
Kh3 Ne3 55. Nxe3 Rxe3 {White resigns} 0-1

[Event "Team 45 45 League T62"]
[Site "Internet Chess Club"]
[Date "2014.09.14"]
[Round "3"]
[White "Portola"]
[Black "QuieroAprender"]
[Result "0-1"]
[WhiteElo "1810"]
[BlackElo "1752"]
[Opening "Queen's Pawn"]
[ECO "A41"]
[Time "19:00:21"]
[TimeControl "2700+45"]

1. d4 d6 2. Nf3 Nf6 3. c3 b6 4. Bf4 Nh5 5. Bc1 Nf6 6. e3 g6 7. Bc4 d5 8. Bb5+ c6
9. Ba4 b5 10. Bc2 Bg7 11. Nbd2 Bb7 12. O-O Nbd7 13. Qe2 a5 14. a3 Nb6 15. Ne5
Nfd7 16. f4 f6 17. Nef3 f5 18. Ng5 Nf8 19. Ngf3 Nfd7 20. Ne5 Nxe5 21. fxe5 e6
22. Nf3 Bh6 23. b3 g5 24. Ne1 g4 25. Nd3 Bg5 26. Nf4 Bxf4 27. exf4 h5 28. Bd2
Ba6 29. Bd3 a4 30. bxa4 Nxa4 31. Rfb1 Nb6 32. Be1 Qe7 33. Qc2 Kf7 34. Qb3 Bb7
35. Qb4 Ra4 36. Qxe7+ Kxe7 37. Bd2 h4 38. Bc2 Ra7 39. Bb3 Rha8 40. Bc1 Nd7 41.
Bc2 Nb6 42. Bb3 Bc8 43. Bb2 Nd7 44. Bc2 Nb6 45. Bb3 Bd7 46. Bc1 Be8 47. Bb2 g3
48. h3 Bh5 49. Re1 Nd7 50. Bc1 c5 51. dxc5 Nxc5 52. Bc2 Rc7 53. Bb2 Na4 54. Bxa4
Rxa4 55. Rac1 Rxf4 56. Rb1 Rfc4 57. Ba1 R7c5 58. Rb3 f4 59. Bb2 f3 60. gxf3 Bxf3
61. a4 Rxa4 62. Ba3 Rxa3 63. Rxa3 Be4 64. Ra7+ Kf8 65. Rf1+ Bf5 66. Ra6 Kg7 67.
Ra7+ Kg6 68. Ra8 Rxc3 69. Rg8+ Kh7 70. Rg5 Bxh3 71. Ra1 Kh6 72. Rg8 Bf5 73. Rh8+
Kg5 74. Rf1 Rc4 75. Rg8+ Kh5 76. Rh8+ Kg4 77. Rg8+ Kh3 78. Re1 Rc2 79. Rf8 Rg2+
80. Kh1 Be4 81. Rxe4 dxe4 82. Rf1 Rh2+ 83. Kg1 Kg4 84. Rf7 e3 85. Rf6 Rf2 86.
Kh1 e2 {White resigns} 0-1

[Event "Team 45 45 League T62"]
[Site "Internet Chess Club"]
[Date "2014.09.12"]
[Round "3"]
[White "ElMarginal"]
[Black "MetaGod"]
[Result "0-1"]
[WhiteElo "1541"]
[BlackElo "1605"]
[Opening "Réti opening"]
[ECO "A04"]
[Time "16:16:27"]
[TimeControl "2700+45"]

1. Nf3 g6 2. Nc3 Bg7 3. e4 c5 4. Bc4 Nc6 5. Ng5 e6 6. d3 h6 7. Nf3 Nge7 8. Be3
b6 9. Nb5 d5 10. exd5 exd5 11. Bb3 Bxb2 12. Rb1 Bg7 13. Bf4 O-O 14. Nc7 Rb8 15.
Nb5 Rb7 16. O-O Be6 17. d4 c4 18. Ba4 a6 19. Nc3 b5 20. Ne2 Qd7 21. c3 bxa4 22.
Qxa4 Nxd4 23. Qxd7 Nxe2+ 24. Kh1 Rxd7 25. Be5 Bxe5 26. Nxe5 Rdd8 27. Rb6 Nxc3
28. Rxa6 d4 29. Rc1 d3 {White resigns} 0-1

[Event "Team 45 45 League T62"]
[Site "Internet Chess Club"]
[Date "2014.09.11"]
[Round "3"]
[White "jcule"]
[Black "Baron500"]
[Result "1/2-1/2"]
[WhiteElo "1486"]
[BlackElo "1647"]
[Opening "King's Indian defense"]
[ECO "E60"]
[Time "15:05:13"]
[TimeControl "2700+45"]

1. d4 Nf6 2. c4 g6 3. Bg5 c5 4. e3 Qa5+ 5. Qd2 Qb6 6. Nf3 Bg7 7. Be2 Ne4 8. Qc2
Nxg5 9. Nxg5 cxd4 10. exd4 Bxd4 11. Nc3 Bxf2+ 12. Kd1 Qd4+ 13. Qd2 Nc6 14. Nb5
Qxd2+ 15. Kxd2 Bb6 16. c5 Ba5+ 17. Kc2 a6 18. Nc3 O-O 19. Bc4 Ne5 20. Bb3 h6 21.
Rhe1 d6 22. cxd6 exd6 23. Nxf7 Nxf7 24. Re7 Bf5+ 25. Kd2 Kg7 26. Rf1 Bd8 27.
Rxb7 Bg5+ 28. Kd1 Bg4+ 29. Kc2 Bf5+ 30. Kd1 Bf6 31. Nd5 Bxb2 32. g4 Bxg4+ 33.
Kc2 Be5 34. Ne3 Rac8+ 35. Kb1 Bf5+ 36. Nxf5+ gxf5 37. Rxf5 Bxh2 38. Bxf7 Rb8 39.
Rxb8 Rxb8+ 40. Kc2 Rf8 41. Be6 Rxf5 42. Bxf5 Kf6 43. Be4 h5 44. Kd3 Be5 45. a4
Kg5 46. Ke3 Kg4 47. Kf2 Kf4 48. Bd5 Bd4+ 49. Kg2 h4 50. Kh3 Ke5 51. Bb7 a5 52.
Kxh4 Kf4 53. Bd5 Be5 54. Kh3 Ke3 55. Kg2 Kd4 56. Bc6 d5 57. Kf1 Kc4 58. Ke2 d4
59. Be4 Kb3 60. Bc6 Kc3 61. Be4 Bd6 62. Bf5 Bf4 63. Bg6 Kb4 64. Be8 Be3 {Game
drawn by mutual agreement} 1/2-1/2

[Event "Team 45 45 League T62"]
[Site "Internet Chess Club"]
[Date "2014.09.13"]
[Round "3"]
[White "Berke"]
[Black "QuieroAprender"]
[Result "1-0"]
[WhiteElo "1640"]
[BlackElo "1732"]
[Opening "Philidor's defense"]
[ECO "C41"]
[Time "19:00:27"]
[TimeControl "2700+45"]

1. e4 e5 2. Nf3 d6 3. Bc4 Bg4 4. h3 Bh5 5. d3 Nf6 6. Nbd2 h6 7. c3 Nc6 8. Nf1
Na5 9. Bb5+ c6 10. Ba4 b5 11. Bc2 d5 12. Qe2 dxe4 13. dxe4 Nc4 14. Ng3 Bg6 15.
Nh4 Bh7 16. b3 Nd6 17. f3 Nfxe4 18. Nxe4 Qxh4+ 19. g3 Qe7 20. Ba3 Qe6 21. Nc5
Qf6 22. Bxh7 Rxh7 23. O-O O-O-O 24. Rfe1 e4 25. fxe4 Qxc3 26. Qf2 Nxe4 27. Nxe4
Qe5 28. Nd6+ Bxd6 29. Rxe5 Bxe5 30. Qf5+ {Black resigns} 1-0

[Event "Team 45 45 League T62"]
[Site "Internet Chess Club"]
[Date "2014.09.13"]
[Round "3"]
[White "houseofcook"]
[Black "HorseRadish"]
[Result "1/2-1/2"]
[WhiteElo "1458"]
[BlackElo "1304"]
[Opening "Scotch gambit: Dubois-Réti defense"]
[ECO "C55"]
[Time "07:00:28"]
[TimeControl "2700+45"]

1. e4 e5 2. Nf3 Nc6 3. d4 exd4 4. Bc4 Nf6 5. e5 d5 6. Bb5 Ne4 7. Nxd4 Bc5 8. Be3
Bd7 9. Nxc6 Bxc6 10. Bxc5 Nxc5 11. Qe2 O-O 12. Bxc6 bxc6 13. O-O Re8 14. Nd2 Qe7
15. Nf3 f6 16. Rfe1 Ne4 17. exf6 Qxf6 18. c3 Qg6 19. Qc2 Rf8 20. Re3 Rf6 21. Rd1
Raf8 22. Qe2 Rf4 {Game drawn by mutual agreement} 1/2-1/2